 Dungeon Crawl Stone Soup version 0.31.0-12-g77e489cdc1 (webtiles) character file.

Game seed: 1000601502534408088

378957 qwarkbark the Metallomancer (level 21, -6/153 (171) HPs)
             Began as a Green Draconian Conjurer on Feb 10, 2024.
             Was the Champion of Vehumet.
             Killed from afar by a titan (16 damage)
             ... with a bolt of lightning
             ... on level 5 of the Vaults on Feb 15, 2024.
             The game lasted 09:28:35 (73106 turns).

qwarkbark the Metallomancer (DrCj)                 Turns: 73106, Time: 09:28:36

HP:   -6/153 (171)  AC: 18    Str: 10    XL:     21   Next: 85%
MP:   16/45         EV: 13    Int: 35    God:    Vehumet [******]
Gold: 540           SH: 13    Dex: 13    Spells: 5/61 levels left

rFire   . . .        a - staff "Diez" {rC+ Will+ Dex+3 Earth}
rCold   + . .        l - +2 buckler {rF+}
rNeg    . . .        (body armour unavailable)
rPois   +            (helmet restricted)
rElec   .            g - +2 cloak {Will+}
rCorr   .            n - +0 pair of gloves
SInv    .            c - +2 pair of boots {Fly}
Will    +++..        F - amulet of reflection
Stlth   +++          x - ring of wizardry
HPRegen 0.45/turn    y - +6 ring of intelligence
MPRegen 0.29/turn

%: random rage (3%), reflection, wizardry (x1)
@: marked, flying, studying Stealth, heavily drained
A: breathe noxious fumes, AC +11, unfitting armour, stinger 1, poison
resistance, cold-blooded, berserk 1, heat vulnerability 1
}: 2/15 runes: decaying, serpentine
a: Breathe Noxious Fumes, Renounce Religion


You were on level 5 of the Vaults.
You worshipped Vehumet.
Vehumet was exalted by your worship.
You visited 7 branches of the dungeon, and saw 36 of its levels.
You also visited: Bailey and Volcano.

You collected 4968 gold pieces.
You spent 4428 gold pieces at shops.

Inventory:

Hand Weapons
 U - a +2 spectral quarterstaff
Armour
 c - a +2 pair of boots of flying (worn)
 g - a +2 cloak of willpower (worn)
 l - a +2 buckler of fire resistance (worn)
 n - a +0 pair of gloves (worn)
Magical Staves
 a - the staff "Diez" (weapon) {rC+ Will+ Dex+3 Earth}
   (You acquired it on level 14 of the Dungeon)

   [staff of earth]

   Base accuracy: +5 Base damage: 5 Base attack delay: 1.2 This weapon's minimum
   attack delay (0.6) is reached at skill level 12.
   Dex+3:     It affects your dexterity (+3).
   rC+:       It protects you from cold.
   Will+:     It increases your willpower.
   Earth:     It increases the power of your Earth spells.
   It falls into the 'Staves' category.
   It is a one-handed weapon.
 P - a staff of conjuration
Jewellery
 m - a +6 ring of intelligence
 o - a ring of see invisible
 u - a +4 ring of protection
 x - a ring of wizardry (left hand)
 y - a +6 ring of intelligence (right hand)
 B - an amulet of guardian spirit
 C - a ring of willpower
 F - an amulet of reflection (around neck)
 M - a ring of flight
 R - the ring of the Wild Haggis {+Blink EV+5}
   (You found it on level 2 of the Snake Pit)

   [ring of evasion]

   EV+5:      It affects your evasion (+5).
   +Blink:    It lets you blink.
 Y - a ring of resist corrosion
Wands
 i - a wand of iceblast (25)
 j - a wand of quicksilver (24)
 v - a wand of charming (40)
 G - a wand of polymorph (9)
 X - a wand of flame (4)
 Z - a wand of digging (2)
Scrolls
 b - 4 scrolls of noise
 k - 3 scrolls of enchant weapon
 q - a scroll of poison
 r - 4 scrolls of fog
 s - 6 scrolls of teleportation
 t - 11 scrolls of enchant armour
 A - 7 scrolls of vulnerability
 D - a scroll of brand weapon
 E - 3 scrolls of silence
 S - 3 scrolls of fear
Potions
 f - 6 potions of cancellation
 h - a potion of enlightenment
 p - 8 potions of attraction
 w - 2 potions of haste
 z - 7 potions of lignification
 H - 8 potions of curing
 I - 3 potions of might
 L - 7 potions of brilliance
 Q - 2 potions of mutation
 W - a potion of resistance
Miscellaneous
 d - a phantom mirror (inert)
 e - a lightning rod (inert)
 J - a sack of spiders (inert)
 N - a phial of floods
 T - a tin of tremorstones (2/2)


   Skills:
 + Level 11.0 Fighting
 - Level 1.2 Staves
 - Level 4.6 Dodging
 - Level 7.0 Stealth
 + Level 7.6 Shields
 + Level 20.5 Spellcasting
 - Level 16.0 Conjurations
 + Level 3.3 Hexes
 - Level 8.3 Translocations
 - Level 9.5 Fire Magic
 * Level 22.4 Earth Magic
 - Level 14.0 Alchemy
 - Level 5.4 Evocations


You had 5 spell levels left.
You knew the following spells:

 Your Spells              Type           Power      Damage    Failure   Level
a - Lehudib's Crystal Sp  Conj/Erth      65%        10d15     1%          8
b - Orb of Destruction    Conj           49%        9d13      1%          7
c - Iskenderun's Mystic   Conj/Tloc      88%        2d17      1%          4
d - Fulminant Prism       Conj/Alch      48%        3d21      0%          4
e - Inner Flame           Hex/Fire       69%        N/A       1%          3
f - Olgreb's Toxic Radia  Alch           93%        N/A       1%          4
g - Iskenderun's Battles  Conj           99%        2d15      1%          5
h - Passage of Golubria   Tloc           76%        N/A       1%          4
i - Shatter               Erth           69%        3d51*     1%          9
j - Passwall              Erth           100%       N/A       0%          3
k - Fireball              Conj/Fire      45%        3d18      1%          5

Your spell library contained the following spells:

 Spells                   Type           Power      Damage    Failure   Level
 Fire Storm               Conj/Fire      45%        8d11      45%         9
 Maxwell's Capacitive Co  Air            17%        ∞         99%         8
 Polar Vortex             Ice            17%        12d2*     99%         9
 Magic Dart               Conj           100%       1d8       0%          1
 Sandblast                Erth           100%       2d20      0%          1
 Sting                    Conj/Alch      100%       1d9       0%          1
 Searing Ray              Conj           100%       2d8       0%          2
 Stone Arrow              Conj/Erth      100%       3d13      0%          3
 Brom's Barrelling Bould  Conj/Erth      100%       2d11      0%          4
 Petrify                  Alch/Erth      100%       N/A       0%          4
 Lee's Rapid Deconstruct  Erth           69%        3d31*     0%          5
 Apportation              Tloc           100%       N/A       1%          1
 Kiss of Death            Conj/Necr      100%       2d13      1%          1
 Necrotise                Necr           100%       1d9       1%          1
 Slow                     Hex            100%       N/A       1%          1
 Summon Small Mammal      Summ           100%       N/A       1%          1
 Jinxbite                 Hex            100%       N/A       1%          2
 Mercury Vapours          Alch/Air       100%       N/A       1%          2
 Sublimation of Blood     Necr           35%        N/A       1%          2
 Dazzling Flash           Conj/Hex       100%       N/A       1%          3
 Gell's Gravitas          Tloc           76%        N/A       1%          3
 Mephitic Cloud           Conj/Alch/Air  82%        N/A       1%          3
 Ozocubu's Armour         Ice            35%        N/A       1%          3
 Sigil of Binding         Hex            56%        N/A       1%          3
 Teleport Other           Tloc           76%        N/A       1%          3
 Cause Fear               Hex            28%        N/A       1%          4
 Flame Wave               Conj/Fire      90%        2d19      1%          4
 Ignite Poison            Fire/Alch      87%        N/A       1%          4
 Sticky Flame             Fire/Alch      87%        2d13      1%          4
 Vhi's Electric Charge    Tloc/Air       100%       N/A       1%          4
 Alistair's Intoxication  Alch           62%        N/A       1%          5
 Arcjolt                  Conj/Air       37%        1d47      1%          5
 Borgnjor's Vile Clutch   Necr/Erth      53%        N/A       1%          5
 Freezing Cloud           Conj/Ice/Air   32%        6-21      1%          5
 Animate Dead             Necr           35%        N/A       4%          4
 Silence                  Hex/Air        23%        N/A       6%          5
 Curse of Agony           Necr           35%        N/A       12%         5
 Bombard                  Conj/Erth      65%        9d11      1%          6
 Eringya's Noxious Bog    Alch           46%        4d6       1%          6
 Dispersal                Tloc           38%        N/A       2%          6
 Plasma Beam              Fire/Air       31%        2x1d44    2%          6
 Spellforged Servitor     Conj/Summ      37%        N/A       4%          7
 Enfeeble                 Hex            28%        N/A       65%         7
 Disjunction              Tloc           38%        N/A       65%         8
 Chain Lightning          Conj/Air       37%        3d50      95%         9
 Dragon's Call            Summ           17%        N/A       100%        9
 Animate Armour           Summ/Erth      Unusable   N/A       N/A         4

Dungeon Overview and Level Annotations

Branches:
Dungeon (15/15)            Temple (1/1) D:7            Lair (5/5) D:10
  Swamp (4/4) Lair:3        Snake (4/4) Lair:3        Slime (0/5) Lair:5
    Orc (2/2) D:9             Elf (0/3) Orc:2        Vaults (5/5) D:14
  Crypt (0/3) Vaults:2     Depths (0/4) D:15         Bailey (visited)
Volcano (visited)

Altars:
Ashenzari
Cheibriados
Dithmenos
Elyvilon
Fedhas
Gozag
Hepliaklqana
Kikubaaqudgha
Makhleb
Nemelex Xobeh
Okawaru
Qazlal
Ru
Sif Muna
Trog
Uskayaw
Vehumet
Wu Jian
Xom
Yredelemnul
Zin
The Shining One
Jiyva

Shops:
D:3 *   Orc:1 *   Orc:2 :[(*(   Snake:1 :   Snake:4 ?   Vaults:2 [   Vaults:4 !

Annotations:
Vaults:4 exclusion: downstairs


Innate Abilities, Weirdness & Mutations

You can breathe blasts of noxious fumes.
Your lurid green scales are hard. (AC +11)
You cannot fit into any form of body armour.
Your tail ends in a venomous barb.
Your system is resistant to poisons. (rPois)
You are cold-blooded and may be slowed by cold attacks.
You sometimes lose your temper in combat.
You are vulnerable to heat. (rF-)


Message History

You kill the titan!
Vehumet accepts your kill.
You feel your power returning.
The fire giant gestures at you while chanting.
The fireball explodes!
The fireball engulfs you!!!
* * * LOW HITPOINT WARNING * * *
A war gargoyle comes into view.
It is wielding a +1 dire flail of holy wrath.
As you read the scroll of butterflies, it crumbles to dust.
You hear the flapping of tiny wings.
The ogre mage barely misses your butterfly.
The fire giant hits your butterfly with a +0 great sword of flaming!!
The fire giant burns your butterfly.
Your butterfly dies!
Your butterfly disappears in a burst of colours!
You feel better.
Your surroundings suddenly seem different.
A deep elf high priest comes into view. It is wielding a +0 long sword.
A titan comes into view.
The deep elf high priest mumbles some strange prayers to its god against you.
Something smites you!
* * * LOW HITPOINT WARNING * * *
Okay, then.
Casting: Shatter (dangerous; 1% risk of failure)
Press: ? - help, Q - select action, (/) - cycle Dir - look around, f - activate You feel a surge of power!
The dungeon rumbles!
The deep elf high priest is heavily wounded.
The storm dragon is lightly wounded.
You kill the orb spider!
Vehumet accepts your kill.
You feel your power returning.
The orb spider's shape twists and changes as it dies.
A door shatters!
The titan is severely wounded.
A door shatters!
The phantasmal warrior is lightly damaged.
Ka-crash!
The titan points at you and mumbles some strange words.
The bolt of lightning hits you!
You die...

.#..#,,,,* **##..)#/..#...#####
....#,,,,* #.##.#.##.).##'######
,#..#..,,### .#.....#X.)#.).#####
,...#....#..##.......##.'......##
,#..#....#.#..........C..).......
,...#....#...)....)....).........
,,,,#....##.)........###.........
,*,,#.....#........(.# #.........
,#,,#....#......@...|# #.........
##.,#....#.#.e.......# ##........
....#......#.#......## ###....##
..............##..### #####'9
###.........#.#.##D##############
............†..[................b
...............†...............b.
###########.#######.#############
###


You could see a tentacled monstrosity, a titan, a storm dragon and a deep elf
high priest.

Vanquished Creatures
  Vashnia (Snake:2)
  Nikola (Snake:3)
  A lich (Vaults:4)
  Asterion (Vaults:2)
  6 titans (Vaults:5)
  6 sphinxes
  A quicksilver dragon (Vaults:5)
  The ghost of Gokhumny the Blocker, an adept GnFi of Okawaru (Swamp:2)
  2 tengu reavers (Vaults:5)
  A thorn hunter (Swamp:2)
  A fenstrider witch (Swamp:4)
  7 nagarajas
  Aizul (Snake:3)
  Roxanne (Swamp:4)
  An iron dragon (Vaults:5)
  2 shadow dragons (Vaults:5)
  16 vault wardens
  Louise (Swamp:4)
  7 orc warlords
  A formless jellyfish (Vaults:1)
  A vampire knight (D:14)
  24 ironbound preservers
  8 ironbound thunderhulks
  A very ugly thing (Vaults:5)
  4 stone giants (Vaults:5)
  A deep elf death mage (Vaults:5)
  7 eleionomae
  3 war gargoyles
  A deep elf demonologist (Vaults:5)
  Azrael (Snake:2)
  5 bunyips
  12 dire elephants
  2 crystal guardians
  Snorg (D:10)
  6 ettins
  The ghost of Weugil the Slicer, a journeyman HaBe of Trog (Lair:2)
  3 shambling mangroves
  2 entropy weavers
  A deep elf high priest (Vaults:5)
  8 yaktaur captains
  32 vault guards
  9 great orbs of eyes
  19 hydras
  A rakshasa (D:14)
  3 peacekeepers
  Erolcha (Orc:2)
  A spriggan air mage (Swamp:3)
  2 salamander tyrants
  2 ogre magi
  2 alligator snapping turtles (Snake:3)
  10 alligators
  2 catoblepae
  2 death knights (Vaults:2)
  A ghost crab (Swamp:3)
  7 ironbound frosthearts
  13 anacondas
  2 sphinx zombies (D:15)
  8 naga warriors
  11 boulder beetles
  13 centaur warriors
  3 tengu warriors
  14 two-headed ogres
  A dancing weapon (Swamp:2)
  A vampire mage (D:14)
  3 demonic crawlers (D:14)
  26 naga sharpshooters
  4 orc high priests
  4 death yaks
  A deep troll earth mage (Vaults:5)
  Nergalle (Lair:3)
  Urug (Orc:2)
  13 shock serpents
  Sonja (Lair:4)
  A skyshark (Lair:5)
  3 spriggans
  2 deep elf knights (D:14)
  The ghost of Jearayf the Nimble, a novice FeSh of Gozag (Orc:1)
  7 goliath frogs
  6 spriggan druids
  15 arcanists
  3 salamander mystics
  4 sea snakes
  A sea snake (shapeshifter) (Vaults:5)
  6 skeletal warriors
  59 deep trolls
  A glowing orange brain (Vaults:2)
  A storm dragon skeleton (D:15)
  3 bog bodies
  A deep elf archer (D:14)
  Lodul (D:10)
  20 lindwurms
  12 mana vipers
  An orb spider (shapeshifter) (Vaults:5)
  10 swamp dragons
  2 necromancers
  4 naga ritualists
  2 deep elf pyromancers
  19 ironbound convokers
  5 phantasmal warriors
  6 orc sorcerers
  15 orc knights
  42 ugly things
  A faun (shapeshifter) (Vaults:5)
  A will-o-the-wisp (Swamp:3)
  4 cyclopes
  A stone giant zombie (Vaults:4)
  17 salamanders
  2 wolf spiders (Lair:5)
  A meliai (shapeshifter) (D:15)
  2 manticores (D:13)
  3 meliai (D:14)
  A stone giant skeleton (Vaults:4)
  8 elephants (Lair:4)
  9 guardian serpents
  37 black mambas
  14 naga magi
  19 vault sentinels
  9 kobold blastminers
  A smoke demon (Volcano)
  5 gargoyles
  20 cane toads
  31 yaktaurs
  2 unseen horrors
  5 komodo dragons
  A kobold demonologist (D:13)
  2 efreet
  3 rime drakes
  A human skeleton (Vaults:4)
  2 freezing wraiths
  3 tengu conjurers
  9 trolls
  7 polar bears
  A red devil (Volcano)
  2 bloated husks
  4 tyrant leeches
  A wind drake (shapeshifter) (D:10)
  10 hornets
  A raiju (shapeshifter) (D:14)
  6 dream sheep (Lair:3)
  9 blink frogs (Lair:3)
  3 snapping turtles (Snake:3)
  3 centaur simulacra (D:12)
  20 slime creatures
  2 shadows
  A yak (shapeshifter) (D:11)
  11 wyverns
  A vampire (D:14)
  52 yaks
  3 fire elementals (Snake:1)
  Grum (D:9)
  A wraith (D:14)
  5 wargs
  4 redbacks
  A redback (shapeshifter) (Vaults:2)
  2 basilisks
  3 steam dragons
  15 swamp worms
  40 nagas
  10 vampire mosquitoes
  2 acid dragons
  A swamp worm (shapeshifter) (Vaults:5)
  40 orc warriors
  28 water moccasins
  5 hell hounds
  6 swamp drakes
  3 ice beasts (D:12)
  A deep troll simulacrum (Vaults:4)
  A black bear (D:6)
  2 sky beasts (D:7)
  An ogre (shapeshifter) (D:14)
  4 laughing skulls
  17 ogres
  30 wolves
  A boggart (Vaults:2)
  9 centaurs
  7 kobold brigands
  13 bullfrogs
  A gnoll sergeant (D:5)
  5 scorpions
  4 wights (D:7)
  17 killer bees
  3 electric eels
  2 bombardier beetles
  2 gnoll boudas
  4 hounds
  Crazy Yiuf (D:5)
  26 orc priests
  4 iguanas
  A sleepcap (D:8)
  21 orc wizards
  2 boggart simulacra
  12 gnolls
  2 adders
  A white imp (D:8)
  A dart slug (D:4)
  61 orcs
  7 endoplasms
  2 giant cockroaches (D:1)
  5 goblins
  6 hobgoblins
  16 kobolds
  5 quokkas
  5 ball pythons
  7 bats
  12 frilled lizards
  4 rats
  37 fulminant prisms
1498 creatures vanquished.

Vanquished Creatures (collateral kills)
  The ghost of Wociock the Destroyer, a journeyman DgHW (D:14)
  A deep troll (Vaults:4)
  A gnoll (D:5)
3 creatures vanquished.

Vanquished Creatures (others)
  92 fulminant prisms
92 creatures vanquished.

Grand Total: 1593 creatures vanquished

Notes
Turn   | Place    | Note
-------+----------+-------------------------------------------
     0 | D:1      | qwarkbark the Draconian Conjurer began the quest for the
                  | Orb.
     0 | D:1      | Reached XP level 1. HP: 14/14 MP: 3/3
   656 | D:1      | Reached XP level 2. HP: 17/20 MP: 0/5
  1048 | D:1      | Reached skill level 5 in Conjurations
  1361 | D:2      | Reached XP level 3. HP: 26/26 MP: 4/6
  2198 | D:2      | Learned a level 2 spell: Searing Ray
  2293 | D:3      | Found a shadowy altar of Dithmenos.
  2433 | D:3      | Reached XP level 4. HP: 33/33 MP: 0/8
  2615 | D:3      | HP: 1/33 [gnoll/+0 club (3)]
  2617 | D:3      | Gained mutation: You sometimes lose your temper in combat.
                  | [potion of mutation]
  2617 | D:3      | Gained mutation: You expend magic power (3 MP) to
                  | strengthen your wands. [potion of mutation]
  3076 | D:3      | Found Geacetri's Assorted Antiques.
  3127 | D:3      | Found an iron altar of Okawaru.
  3276 | D:4      | Noticed a scorpion
  3288 | D:4      | Killed a scorpion
  3289 | D:4      | Reached XP level 5. HP: 39/39 MP: 0/10
  3384 | D:3      | Learned a level 4 spell: Iskenderun's Mystic Blast
  3824 | D:4      | Reached XP level 6. HP: 46/46 MP: 6/11
  3889 | D:4      | Reached skill level 1 in Fighting
  4621 | D:4      | Found a snail-covered altar of Cheibriados.
  4716 | D:5      | Entered Level 5 of the Dungeon
  4742 | D:5      | Learned a level 4 spell: Fulminant Prism
  4839 | D:5      | Found a runed translucent door.
  4840 | D:5      | Noticed Crazy Yiuf
  4919 | D:5      | Killed Crazy Yiuf
  5035 | D:5      | Your scales start taking on a lurid green colour.
  5035 | D:5      | Reached XP level 7. HP: 42/52 MP: 6/13
  5035 | D:5      | Gained mutation: Your system is resistant to poisons.
                  | (rPois) [Green Draconian growth]
  5585 | D:6      | Found an opulent altar of Gozag.
  5938 | D:5      | Reached skill level 5 in Spellcasting
  6056 | D:7      | Identified the +3 leather armour "Ucuis" {rF+ Int+3}
  6252 | D:7      | Reached skill level 1 in Alchemy
  6400 | D:7      | Found a flagged portal.
  6412 | Bailey   | Entered a bailey
  6499 | Bailey   | Reached XP level 8. HP: 51/61 MP: 9/15
  6766 | Bailey   | Reached skill level 5 in Fighting
  6766 | Bailey   | Reached skill level 5 in Alchemy
  6766 | Bailey   | Reached XP level 9. HP: 64/75 MP: 2/21
  6934 | Bailey   | Learned a level 3 spell: Inner Flame
  6945 | Bailey   | Found a bloodstained altar of Trog.
  7210 | D:7      | Noticed a skeletal warrior
  7298 | D:7      | Reached skill level 1 in Shields
  7951 | D:6      | Lost mutation: You expend magic power (3 MP) to strengthen
                  | your wands. [potion of mutation]
  7951 | D:6      | Lost mutation: You sometimes lose your temper in combat.
                  | [potion of mutation]
  7951 | D:6      | Gained mutation: Your tail ends in a venomous barb. [potion
                  | of mutation]
  7951 | D:6      | Gained mutation: You are vulnerable to heat. (rF-) [potion
                  | of mutation]
  7951 | D:6      | Gained mutation: You sometimes lose your temper in combat.
                  | [potion of mutation]
  7988 | D:6      | Reached XP level 10. HP: 74/83 MP: 17/23
  8300 | D:7      | Killed a skeletal warrior
  8301 | D:7      | Reached skill level 1 in Translocations
  9122 | D:7      | Learned a level 4 spell: Olgreb's Toxic Radiance
  9179 | D:7      | Found a staircase to the Ecumenical Temple.
  9185 | Temple   | Entered the Ecumenical Temple
  9793 | D:8      | Reached skill level 1 in Staves
  9814 | D:8      | Learned a level 5 spell: Iskenderun's Battlesphere
  9819 | D:8      | Learned a level 4 spell: Passage of Golubria
  9872 | D:8      | Noticed a two-headed ogre
  9894 | D:8      | Killed a two-headed ogre
 10105 | D:9      | Noticed Grum
 10255 | D:9      | Noticed a two-headed ogre
 10264 | D:9      | Killed a two-headed ogre
 10401 | D:9      | Reached skill level 10 in Spellcasting
 10407 | D:9      | Killed Grum
 10754 | D:8      | Reached XP level 11. HP: 80/89 MP: 9/25
 10801 | D:8      | Found an ancient bone altar of Kikubaaqudgha.
 11331 | D:9      | Found a glowing golden altar of the Shining One.
 11550 | D:9      | Found a radiant altar of Vehumet.
 11637 | D:9      | Became a worshipper of Vehumet
 11871 | D:9      | Found a staircase to the Orcish Mines.
 12037 | D:10     | Entered Level 10 of the Dungeon
 12054 | D:10     | Noticed a two-headed ogre
 12060 | D:10     | Killed a two-headed ogre
 12145 | D:10     | Noticed a boulder beetle
 12146 | D:10     | Noticed a centaur warrior
 12342 | D:10     | Noticed Snorg
 12342 | D:10     | Found a staircase to the Lair.
 12626 | D:10     | Reached skill level 1 in Hexes
 12897 | D:10     | Killed a boulder beetle
 13236 | D:10     | Found a stormy altar of Qazlal.
 13360 | D:10     | Noticed Lodul
 13375 | D:10     | Killed Lodul
 13516 | D:10     | Reached * piety under Vehumet
 13516 | D:10     | Offered knowledge of Shock by Vehumet.
 13976 | D:10     | Killed Snorg
 14559 | D:11     | Reached XP level 12. HP: 100/100 MP: 15/27
 14955 | D:11     | Noticed a two-headed ogre
 14962 | D:11     | Killed a two-headed ogre
 15076 | D:11     | Noticed a boulder beetle
 15085 | D:11     | Killed a boulder beetle
 15506 | D:11     | Learned a level 3 spell: Stone Arrow
 15687 | Lair:1   | Entered Level 1 of the Lair of Beasts
 15975 | Lair:1   | Identified a scroll of acquirement
 15977 | Lair:1   | Acquired 508 gold pieces
 16859 | Lair:2   | Reached skill level 1 in Earth Magic
 16859 | Lair:2   | Reached skill level 10 in Alchemy
 17072 | Lair:2   | Noticed a four-headed hydra
 17081 | Lair:2   | Killed a four-headed hydra
 17493 | Lair:2   | Reached skill level 2 in Earth Magic
 17570 | Lair:2   | Noticed a death yak
 17570 | Lair:2   | Noticed a death yak
 17582 | Lair:2   | Killed a death yak
 17589 | Lair:2   | Noticed a death yak
 17601 | Lair:2   | Killed a death yak
 17828 | Lair:2   | Found a runed translucent gate.
 17828 | Lair:2   | Found a runed translucent gate.
 17828 | Lair:2   | Found a runed translucent gate.
 17829 | Lair:2   | Noticed Weugil's ghost (journeyman HaBe)
 18011 | Lair:2   | Killed a death yak
 18011 | Lair:2   | Reached ** piety under Vehumet
 18011 | Lair:2   | Offered knowledge of Static Discharge by Vehumet.
 18012 | Lair:2   | Reached skill level 3 in Earth Magic
 18488 | Lair:2   | Killed Weugil's ghost
 18741 | Lair:3   | Reached skill level 1 in Evocations
 18968 | Lair:3   | Reached XP level 13. HP: 108/108 MP: 16/29
 19016 | Lair:3   | Reached skill level 4 in Earth Magic
 19324 | Lair:3   | Offered knowledge of Scorch by Vehumet.
 19581 | Lair:3   | Found a staircase to the Snake Pit.
 19839 | Lair:3   | Reached skill level 5 in Fire Magic
 19862 | Lair:3   | Reached *** piety under Vehumet
 20038 | Lair:3   | Found a staircase to the Swamp.
 20443 | Lair:3   | Noticed Nergalle
 20448 | Lair:3   | Killed Nergalle
 20683 | Lair:3   | Learned a level 6 spell: Bombard
 20690 | Lair:4   | Reached skill level 5 in Earth Magic
 21218 | Lair:4   | Offered knowledge of Frozen Ramparts by Vehumet.
 21609 | Lair:4   | Reached skill level 6 in Earth Magic
 22388 | Lair:4   | Noticed Sonja
 22393 | Lair:4   | Killed Sonja
 22532 | Lair:4   | Reached **** piety under Vehumet
 23090 | Lair:5   | Entered Level 5 of the Lair of Beasts
 23094 | Lair:5   | Reached skill level 7 in Earth Magic
 23309 | Lair:5   | Offered knowledge of Brom's Barrelling Boulder by Vehumet.
 23313 | Lair:5   | Mutation became permanent: Your tail ends in a venomous
                  | barb. [Green Draconian growth]
 23313 | Lair:5   | Gained mutation: Your tail ends in a venomous barb. [Green
                  | Draconian growth]
 23313 | Lair:5   | Reached XP level 14. HP: 92/118 MP: 20/32
 23430 | Lair:5   | Reached skill level 8 in Earth Magic
 24276 | Lair:5   | Reached skill level 9 in Earth Magic
 24445 | Lair:5   | Reached ***** piety under Vehumet
 24703 | Lair:5   | Offered knowledge of Fireball by Vehumet.
 25364 | Lair:5   | Found a staircase to the Slime Pits.
 25365 | Lair:5   | Found a viscous altar of Jiyva.
 25420 | Lair:5   | Reached skill level 5 in Translocations
 25420 | Lair:5   | Reached skill level 10 in Earth Magic
 26069 | D:12     | Learned a level 5 spell: Fireball
 27447 | Orc:1    | Entered Level 1 of the Orcish Mines
 27666 | Orc:1    | Found a dark tunnel.
 27703 | Volcano  | Entered a volcano
 27981 | Orc:1    | Found a burning altar of Makhleb.
 28161 | Orc:1    | Found a runed translucent gate.
 28161 | Orc:1    | Found a runed translucent gate.
 28161 | Orc:1    | Found a runed translucent gate.
 28163 | Orc:1    | Found an opulent altar of Gozag.
 28165 | Orc:1    | Found Seukhlun's Assorted Antiques.
 28166 | Orc:1    | Noticed Jearayf's ghost (novice FeSh)
 28174 | Orc:1    | Killed Jearayf's ghost
 28260 | Orc:1    | Bought a worn ivory wand for 116 gold pieces
 28260 | Orc:1    | Bought a twisted amethyst amulet for 145 gold pieces
 28497 | Orc:2    | Entered Level 2 of the Orcish Mines
 28605 | Orc:2    | Reached XP level 15. HP: 124/124 MP: 15/33
 28721 | Orc:2    | Noticed Urug
 28731 | Orc:2    | Killed Urug
 28906 | Orc:2    | Upgraded the game from 0.31.0-11-ge490571c62 to
                  | 0.31.0-12-g77e489cdc1
 29442 | Orc:2    | Offered knowledge of Airstrike by Vehumet.
 29573 | Orc:2    | Found Gaufawoi's Book Shop.
 29688 | Orc:2    | Found Ifryke's Antique Armour Shop.
 29742 | Orc:2    | Found Dixabet's Weapon Shop.
 29773 | Orc:2    | Found Peloiqeal's General Store.
 29779 | Orc:2    | Bought a scroll of fear for 48 gold pieces
 29869 | Orc:2    | Found Dokakasm's Antique Weapon Shop.
 29889 | Orc:2    | Found a staircase to the Elven Halls.
 29910 | Orc:2    | Noticed Erolcha
 29912 | Orc:2    | Killed Erolcha
 30800 | D:13     | Reached skill level 15 in Spellcasting
 31206 | D:13     | Reached skill level 11 in Earth Magic
 31828 | D:14     | Found a runed translucent gate.
 31828 | D:14     | Found a runed translucent gate.
 31828 | D:14     | Found a runed translucent gate.
 31831 | D:14     | Noticed Wociock's ghost (journeyman DgHW)
 32489 | D:14     | Found a gate to the Vaults.
 33708 | D:14     | Reached XP level 16. HP: 117/123 MP: 3/35
 34142 | D:14     | Acquired the staff "Diez" {rC+ Will+ Dex+3 Earth}
 34165 | D:14     | Learned a level 8 spell: Lehudib's Crystal Spear
 34191 | D:15     | Entered Level 15 of the Dungeon
 34857 | D:15     | Offered knowledge of Starburst by Vehumet.
 35158 | D:15     | Found a staircase to the Depths.
 36053 | D:14     | Killed Wociock's ghost
 36655 | Snake:1  | Entered Level 1 of the Snake Pit
 37564 | Snake:1  | Reached skill level 12 in Earth Magic
 38055 | Snake:1  | Found Nieweikk's Self-Published Books.
 38060 | Snake:1  | Bought Gugi's Catalogue of Earth from Core to Peak for 900
                  | gold pieces
 38062 | Snake:1  | Bought the Anthology of the Genitive for 260 gold pieces
 38062 | Snake:1  | Bought the Directory of Peace and Solitude for 520 gold
                  | pieces
 38062 | Snake:1  | Bought Encalio's Parchment of Self-Indulgence for 860 gold
                  | pieces
 39317 | Snake:2  | Noticed Azrael
 39725 | Snake:2  | Killed Azrael
 39727 | Snake:2  | Offered knowledge of Freezing Cloud by Vehumet.
 39890 | Snake:2  | Reached skill level 13 in Earth Magic
 40243 | Snake:2  | Noticed Vashnia
 40280 | Snake:2  | Killed Vashnia
 40375 | Snake:2  | Identified the ring of the Wild Haggis {+Blink EV+5}
 40536 | Snake:3  | Identified the serpent talisman "Hero's Friend" {rF+}
 40536 | Snake:3  | Noticed Aizul
 40642 | Snake:3  | Killed Aizul
 41236 | Snake:3  | Reached XP level 17. HP: 137/137 MP: 1/37
 42475 | Snake:3  | Noticed Nikola
 42480 | Snake:3  | Killed Nikola
 43400 | Snake:3  | Reached skill level 14 in Earth Magic
 43755 | Snake:3  | Reached ****** piety under Vehumet
 43940 | Snake:3  | Offered knowledge of Conjure Ball Lightning by Vehumet.
 44785 | Snake:3  | Reached skill level 5 in Shields
 44932 | Snake:4  | Entered Level 4 of the Snake Pit
 46342 | Snake:4  | Reached skill level 15 in Conjurations
 47674 | Snake:4  | Reached skill level 5 in Stealth
 47858 | Snake:4  | Reached XP level 18. HP: 146/146 MP: 31/39
 48504 | Snake:4  | Got a serpentine rune of Zot
 48576 | Snake:4  | Reached skill level 15 in Earth Magic
 48603 | Snake:4  | Found Muest's Magic Scroll Emporium.
 48606 | Snake:4  | Bought a scroll of fear for 40 gold pieces
 48606 | Snake:4  | Bought a scroll of blinking for 75 gold pieces
 48606 | Snake:4  | Bought a scroll of blinking for 75 gold pieces
 48737 | Swamp:1  | Entered Level 1 of the Swamp
 49370 | Swamp:2  | Offered knowledge of Ozocubu's Refrigeration by Vehumet.
 49786 | Swamp:2  | Reached skill level 10 in Fighting
 50213 | Swamp:4  | Entered Level 4 of the Swamp
 50858 | Swamp:4  | Noticed Louise
 50980 | Swamp:4  | Killed Louise
 51151 | Swamp:4  | Identified the +12 war axe "Ysyinad" {protect, +Blink}
 51982 | Swamp:4  | Got a decaying rune of Zot
 52275 | Swamp:4  | Noticed Roxanne
 52658 | Swamp:4  | Killed Roxanne
 53051 | Swamp:3  | Acquired a staff of conjuration
 53717 | Swamp:2  | Found a runed translucent door.
 53718 | Swamp:2  | Found a shimmering altar of Xom.
 53718 | Swamp:2  | Noticed Gokhumny's ghost (adept GnFi)
 53966 | Swamp:2  | Offered knowledge of Ignition by Vehumet.
 53978 | Swamp:2  | Learned a level 7 spell: Orb of Destruction
 54279 | Swamp:2  | Killed Gokhumny's ghost
 55063 | Orc:2    | Bought Great Wizards, Vol. II for 494 gold pieces
 55067 | Orc:2    | Learned a level 3 spell: Passwall
 55312 | Vaults:1 | Entered Level 1 of the Vaults
 55324 | Vaults:1 | Reached skill level 16 in Earth Magic
 55562 | Vaults:1 | Reached XP level 19. HP: 141/156 MP: 21/41
 56669 | Vaults:1 | Reached skill level 5 in Evocations
 58590 | Vaults:2 | Reached skill level 17 in Earth Magic
 59294 | Vaults:2 | Found a staircase to the Crypt.
 59299 | Vaults:2 | Found Oninaunn's Armour Shop.
 60449 | Vaults:2 | Reached skill level 18 in Earth Magic
 60545 | Vaults:2 | Offered knowledge of Fire Storm by Vehumet.
 60545 | Vaults:2 | Offered knowledge of Polar Vortex by Vehumet.
 60545 | Vaults:2 | Offered knowledge of Maxwell's Capacitive Coupling by
                  | Vehumet.
 62287 | Vaults:2 | Reached XP level 20. HP: 147/163 MP: 30/42
 62423 | Vaults:2 | Reached skill level 19 in Earth Magic
 63887 | Vaults:3 | Noticed Asterion
 64668 | Vaults:2 | Killed Asterion
 65661 | Vaults:3 | Reached skill level 20 in Earth Magic
 69067 | Vaults:5 | Entered Level 5 of the Vaults
 69406 | Vaults:4 | Reached XP level 21. HP: 171/171 MP: 21/44
 69865 | Vaults:4 | Reached skill level 21 in Earth Magic
 71121 | Vaults:4 | Found Xationg's Distillery.
 71457 | Vaults:4 | Bought a potion of brilliance for 84 gold pieces
 71457 | Vaults:4 | Bought a potion of brilliance for 84 gold pieces
 71457 | Vaults:4 | Bought a potion of haste for 210 gold pieces
 71457 | Vaults:4 | Bought a potion of enlightenment for 105 gold pieces
 71861 | D:3      | Bought a brass ring for 125 gold pieces
 71861 | D:3      | Bought a scroll of amnesia for 100 gold pieces
 71861 | D:3      | Bought a runed cloak for 187 gold pieces
 71877 | D:3      | Learned a level 9 spell: Shatter
 72317 | Vaults:5 | Reached skill level 22 in Earth Magic
 72462 | Vaults:5 | Noticed a golden dragon
 72476 | Vaults:5 | Got the Atlas of Alluring Phlogiston
 72510 | Vaults:5 | Identified the +5 whip of Conscience {spect, *Slow Int+3
                  | Dex+4 Stlth+}
 73106 | Vaults:5 | Killed from afar by a titan

Illustrated notes

Levels and vault maps discovered:
D:1:      nicolae_arrival_somewhat_less_tricky_arrival, layout_loops_cross,
          minmay_3d_cube
D:2:      layout_loops_cross, minivault_11, minmay_lizard_king
D:3:      layout_loops_ring, mainiacjoe_overflow_alcove_2, old_standard_altar,
          serial_shops, nicolae_shop_dealshenge
D:4:      layout_basic, mainiacjoe_overflow_24_doors, serial_forest,
          infiniplex_forest_clump_long, infiniplex_forest_straight_5,
          infiniplex_forest_straight_2, infiniplex_forest_clump_small,
          infiniplex_forest_straight_4, infiniplex_forest_lined_room_2
D:5:      layout_loops_corners, uniq_crazy_yiuf_cottage
D:6:      layout_rooms, grunt_gozag_statues
D:7:      minmay_inner_zag, layout_loops_ring,
          minmay_temple_entry_enclosed_plants, enter_bailey_6, st_stairs_7,
          minmay_hedge_maze, minmay_misc_feat_enclosed
D:8:      layout_cave_pools, kiku_gazebo_garden_becter, st_stairs_3
D:9:      layout_stronghold, vehumet_altar_wand_db, tso_altar, orc_0_dummy,
          uniq_grum
D:10:     layout_gridville, mainiacjoe_overflow_brackets, david_lair_shrubbed,
          nicolae_sextant, dk_vineyard_2, serial_library_hellmonk_hallway_b,
          grunt_tough_drop, uniq_snorg, uniq_lodul
D:11:     layout_roguey
D:12:     layout_gridville, serial_ice, serial_ice_l, serial_ice_g,
          serial_ice_d, serial_ice_b, serial_ice_o, serial_ice_f,
          lightli_fourway_metalbox
D:13:     layout_loops_corners, minivault_25, grunt_decor_arrowhead,
          minmay_misc_feat_nine_boxes, st_stairs_3
D:14:     layout_irregular_city, grunt_vaults_entry_fortified,
          gauntlet_entry_generic, gammafunk_ghost_split,
          einodemon_crawler_minivault
D:15:     gammafunk_depths_entry_grave, layout_small_grid
Temple:   nicolae_temple_ecumenical_triangle
Lair:1:   layout_cave_pods
Lair:2:   layout_small_grid, ebering_ghost_rock_garden, grunt_megastairs_1,
          serial_bayou_shore_a, infiniplex_staircase_pool_2
Lair:3:   layout_small_grid, mainiacjoe_swamp_entry_angry_trees,
          minmay_snake_entry_guardpost_small, uniq_nergalle
Lair:4:   layout_regular_city, grunt_megastairs_5, uniq_sonja
Lair:5:   hangedman_lair_tendril_chambers, layout_regular_city, slime_entry_1,
          nicolae_lair_yak_garden
Swamp:1:  layout_basic_swamp, evilmike_swamp_ruin_house_1, swamp_pool_1_2,
          nicolae_swamp_decorative_isthmus, infiniplex_staircase_pool
Swamp:2:  layout_basic_swamp, ebering_ghost_xom, evilmike_swamp_ruin_rubble_1,
          nicolae_swamp_no_escape
Swamp:3:  layout_basic_swamp, hangedman_swamp_pad, swamp_pool_3
Swamp:4:  swamp_alternative, layout_basic_swamp, uniq_louise, uniq_roxanne
Snake:1:  nicolae_snake_nest, layout_basic, nicolae_custom_books,
          nicolae_snake_slithery_corners
Snake:2:  layout_onion, uniq_azrael, uniq_vashnia
Snake:3:  layout_gridlike, st_stairs_2, nicolae_snake_herptile_family_reunion,
          grunt_megastairs_2, uniq_nikola, uniq_aizul
Snake:4:  grunt_snake_rune_serpentine_throne, layout_cave_town, serial_shops,
          nicolae_shop_rolled_up, serial_bayou_shore_b
Orc:1:    layout_caves, basic_altar, ebering_ghost_gozag, enter_volcano_2,
          statue_in_the_mist_lemuel
Orc:2:    grunt_orc_cross, layout_caves, serial_shops,
          nicolae_shop_tiny_waterfront, basic_altar, uniq_erolcha
Vaults:1: hangedman_vaults_stretched_pinwheel, nicolae_vaults_house_3,
          vaults_room_large_hall, hangedman_vaults_stretched_pinwheel,
          hangedman_vaults_maws, nicolae_vaults_closet_pinwheel_2,
          nicolae_vaults_house_2, nicolae_vaults_surprise_closet,
          layout_vaults_omnigrid
Vaults:2: hangedman_vaults_trim, vaults_room_pools, blue_anna_dwarven_crypt,
          nicolae_vaults_shrinking_rooms_2, dpeg_vaults_monster_row,
          nicolae_vaults_taking_the_gang_shopping, v_misc_32,
          grunt_vaults_bifocal, v_pattern_4, nicolae_vaults_tetromino_L_2,
          layout_vaults_omnicross
Vaults:3: nicolae_vaults_diagonal_hallway_9, nicolae_vaults_storage_room_glass,
          hangedman_vaults_maws, nicolae_vaults_six-pack, vaults_dpeg_doors,
          vaults_room_stairs_pillars, minmay_orc_keep, grunt_vaults_twisty,
          nicolae_vaults_little_squares_2, vaults_mumra_minichess_inversion,
          nicolae_vaults_offset_grid_hallway_2,
          nicolae_vaults_closet_pinwheel_3, nicolae_vaults_asterisk,
          special_room_vaults [special_room_orc],
          nicolae_vaults_storage_room_statues, layout_vaults_omnibox,
          uniq_asterion
Vaults:4: hangedman_vaults_river_flow, nicolae_vaults_closet_pinwheel_2,
          v_misc_19, v_misc_19, nicolae_vaults_tetromino_L_2,
          nicolae_vaults_diamond_1, nicolae_vaults_little_ls,
          nicolae_vaults_mitosis, nicolae_vaults_little_squares_3, v_misc_27,
          hangedman_vaults_nails, st_lattice, layout_vaults_maze_snakey,
          serial_shops, nicolae_shop_advertising_works
          [nicolae_subvault_shop_adworks]
Vaults:5

Skill      XL: |  1  2  3  4  5  6  7  8  9 10 11 12 13 14 15 16 17 18 19 20 21 |
---------------+----------------------------------------------------------------+-----
Conjurations   | 5 6 7 8 9 11 12 13 14 15 16 | 16.0
Spellcasting   | 3 4 5 8 9 10 11 12 14 15 16 17 18 19 20 | 20.5
Stealth        | 2 3 4 5 7 |  7.0
Dodging        | 2 3 4 |  4.6
Fighting       | 1 2 5 7 8 9 10 11 | 11.0
Alchemy        | 1 5 6 7 9 10 11 12 13 14 | 14.0
Fire Magic     | 4 5 7 8 9 |  9.5
Shields        | 1 2 3 4 5 7 |  7.6
Translocations | 1 3 4 6 7 8 |  8.3
Staves         | 1 |  1.2
Hexes          | 2 3 |  3.3
Earth Magic    | 3 7 10 11 13 14 16 18 20 22 | 22.4
Evocations     | 1 2 3 4 5 |  5.4

Action                     |  1- 3 |  4- 6 |  7- 9 | 10-12 | 13-15 | 16-18 | 19-21 || total
---------------------------+-------+-------+-------+-------+-------+-------+-------++-------
  Melee: Staff             |       |     1 |     9 |     9 |     2 |    18 |       ||    39
         Tailslap          |       |       |       |     3 |     1 |     6 |       ||    10
         Quarterstaff      |       |       |       |       |     5 |       |       ||     5
         Unarmed           |       |       |       |       |     1 |       |       ||     1
  Throw: Throwing net      |       |     1 |       |       |       |       |       ||     1
         Dart              |       |       |     1 |     1 |       |       |       ||     2
   Cast: Magic Dart        |   101 |    24 |    77 |    29 |    26 |       |       ||   257
         Searing Ray       |       |    25 |    38 |    45 |     3 |       |       ||   111
         Fulminant Prism   |       |       |    17 |    19 |    28 |    41 |    25 ||   130
         Iskenderun's Myst |       |       |     5 |    29 |    54 |    17 |    17 ||   122
         Inner Flame       |       |       |     1 |    15 |    23 |     8 |       ||    47
         Olgreb's Toxic Ra |       |       |       |   144 |   129 |    41 |    38 ||   352
         Iskenderun's Batt |       |       |       |     6 |     6 |     3 |       ||    15
         Passage of Golubr |       |       |       |     3 |       |       |       ||     3
         Stone Arrow       |       |       |       |    42 |   358 |    39 |    13 ||   452
         Bombard           |       |       |       |       |    72 |    60 |       ||   132
         Fireball          |       |       |       |       |    15 |   119 |    46 ||   180
         Lehudib's Crystal |       |       |       |       |       |   330 |   375 ||   705
         Orb of Destructio |       |       |       |       |       |    13 |    83 ||    96
         Passwall          |       |       |       |       |       |     7 |       ||     7
         Shatter           |       |       |       |       |       |       |    23 ||    23
Ability: Breathe Noxious F |       |       |     8 |     2 |     2 |     1 |       ||    13
         Evoke Blink       |       |       |       |       |       |     4 |       ||     4
  Evoke: Lightning rod     |       |       |       |     7 |    19 |    16 |    12 ||    54
         Wand              |       |       |       |    14 |    49 |    29 |    30 ||   122
         Phantom mirror    |       |       |       |       |       |     2 |     3 ||     5
         Sack of spiders   |       |       |       |       |       |     2 |     3 ||     5
         Phial of floods   |       |       |       |       |       |       |     2 ||     2
         Tin of tremorston |       |       |       |       |       |       |     2 ||     2
    Use: Potion            |       |     6 |    10 |     5 |     9 |    12 |    10 ||    52
         Scroll            |       |       |     8 |    12 |    14 |    12 |    16 ||    62
 Armour: Skin              |    20 |    48 |    52 |   139 |   246 |   368 |   209 ||  1082
  Dodge: Dodged            |    26 |    23 |    64 |    92 |   139 |   209 |   100 ||   653
  Block: Other             |       |       |    10 |    29 |    35 |       |       ||    74
         Reflection        |       |       |     3 |     2 |    21 |    37 |    53 ||   116
         Buckler           |       |       |       |       |    49 |   208 |   130 ||   387
   Form: Serpent           |       |       |       |       |       |     2 |       ||     2
                           |       |       |       |       |       |     1 |       ||     1
